Map: Lost and Found LE

Players

Lambo - Winner!

  • Race: Zerg Zerg
  • Spawn Location: 1:00

Serral

  • Race: Zerg Zerg
  • Spawn Location: 7:00

Event: WCS Austin 2018

VOD

https://www.youtube.com/watch?v=yF48L0iqJUM&t=9m19s

Description

Time

  • Played on: June 3, 2018, 3:56 p.m.
  • Length: 8:48

All games in this series

Show
View Real Time Build Order
Export as new Build Order

Lambo Zerg - Winner!

Build Orders: Hatch First, Lurkers, Zergling Mutalisk 

Get SALT Encoding   

  12  0:01  Drone  
  13  0:13  Overlord  
  13  0:18  Drone  
  14  0:31  Drone x2  
  16  0:48  Hatchery  
  15  0:51  Drone  
  15  0:55  Drone  
  17  0:57  Drone  
  18  1:09  Extractor  
  17  1:13  Spawning Pool  
  17  1:16  Drone  
  17  1:19  Drone  
  18  1:28  Drone  
  19  1:39  Drone  
  20  1:50  Overlord  
  20  2:00  Queen x2  
  20  2:01  Drone x2  
  26  2:11  Drone x2  
  28  2:23  Drone  
  28  2:24  Drone  
  30  2:34  Overlord  
  30  2:35  Queen  
  30  2:36  Drone  
  33  2:38  Lair  
  33  2:46  Drone x2  
  33  2:47  Evolution Chamber  
  34  2:53  Drone  
  34  2:54  Drone  
  36  3:04  Drone, Roach Warren  
  36  3:05  Drone  
  37  3:08  Drone x3  
  37  3:12  Drone  
  41  3:13  Overlord  
  41  3:16  Extractor  
  41  3:18  Zerg Missile Weapons Level 1  
  40  3:21  Drone  
  40  3:22  Drone  
  40  3:25  Extractor  
  41  3:27  Extractor  
  41  3:31  Drone  
  41  3:35  Drone x2  
  41  3:38  Drone  
  44  3:45  Drone x2  
  44  3:46  Drone x3  
  49  3:53  Drone x2  
  51  4:00  Hatchery  
  50  4:05  Spire  
  50  4:08  Drone  
  50  4:11  Drone  
  50  4:13  Glial Reconstitution  
  50  4:15  Overseer  
  51  4:18  Overlord  
  51  4:22  Overlord  
  51  4:35  Overlord  
  51  4:39  Roach x4  
  51  4:43  Roach x2  
  63  4:50  Roach x2  
  63  4:51  Overlord  
  67  4:54  Drone x2  
  67  4:59  Overlord  
  69  5:03  Drone x2  
  69  5:06  Drone x2  
  73  5:11  Drone x2  
  75  5:14  Drone x3  
  75  5:17  Zerg Missile Weapons Level 2  
  75  5:18  Drone  
  79  5:23  Mutalisk  
  79  5:24  Extractor  
  79  5:26  Mutalisk x2  
  79  5:27  Extractor  
  83  5:32  Hydralisk Den  
  83  5:33  Mutalisk  
  84  5:36  Mutalisk  
  84  5:39  Drone  
  84  5:42  Drone x3  
  90  5:47  Drone  
  90  5:48  Drone x3  
  94  5:52  Drone x2  
  94  5:54  Overlord  
  94  5:56  Drone x2  
  98  5:57  Overlord  
  98  6:02  Lurker Den  
  98  6:03  Drone  
  98  6:11  Hatchery  
  98  6:13  Drone  
  98  6:15  Drone x2  
  98  6:17  Hydralisk x2  
  104  6:21  Hydralisk  
  104  6:22  Hydralisk  
  104  6:24  Hydralisk  
  110  6:28  Hydralisk  
  110  6:32  Hydralisk  
  112  6:33  Overlord  
  112  6:39  Overlord  
  114  6:45  Overlord  
  114  6:48  Overlord  
  114  6:55  Roach x4  
  114  6:56  Overlord, Overseer  
  130  7:01  Roach x4  
  130  7:02  Overlord x3  
  130  7:08  Roach x4  
  138  7:16  Overlord, Roach x4  
  138  7:20  Overlord  
  146  7:30  Lurker x5  
  146  7:31  Lurker x2  
  146  7:33  Roach x4  
  161  7:37  Roach  
  161  7:38  Roach  
  165  7:44  Roach x2  
  165  7:45  Roach x2  
  165  7:51  Roach x4  
  181  7:55  Roach x3  
  187  8:05  Roach x7  
  187  8:10  Roach x3  
  176  8:16  Roach x4  
  168  8:21  Roach x3  
  168  8:23  Roach  
  168  8:26  Roach  
  168  8:27  Roach  
  165  8:28  Roach  
Show
View Real Time Build Order
Export as new Build Order

Serral Zerg 

Build Orders: Hatch First 

Get SALT Encoding   

  12  0:00  Drone  
  13  0:12  Overlord  
  13  0:16  Drone  
  14  0:31  Drone x2  
  16  0:47  Hatchery  
  15  0:50  Drone  
  15  0:54  Drone  
  17  1:08  Spawning Pool  
  17  1:10  Extractor  
  15  1:12  Drone  
  15  1:16  Drone  
  17  1:19  Drone  
  18  1:28  Drone  
  19  1:39  Drone  
  20  1:49  Overlord  
  20  1:54  Queen  
  20  1:58  Queen  
  20  1:59  Zergling x2  
  20  2:00  Drone  
  26  2:10  Metabolic Boost  
  26  2:11  Drone x2  
  28  2:22  Drone x2  
  30  2:33  Hatchery  
  29  2:39  Queen  
  31  2:44  Overlord  
  31  2:50  Drone  
  31  2:52  Drone x2  
  31  2:57  Overlord  
  33  2:58  Drone  
  33  3:02  Drone  
  33  3:05  Drone  
  36  3:08  Drone x2  
  38  3:13  Drone, Evolution Chamber  
  38  3:17  Drone  
  38  3:19  Drone  
  41  3:20  Drone  
  41  3:22  Drone  
  42  3:28  Drone x2  
  44  3:35  Overlord  
  44  3:38  Zerg Missile Weapons Level 1  
  44  3:39  Drone x2  
  44  3:40  Drone  
  47  3:44  Roach Warren  
  46  3:51  Extractor  
  46  3:52  Extractor  
  46  3:53  Drone x4  
  46  3:54  Drone  
  49  3:57  Zergling x4  
  49  4:00  Overlord  
  51  4:05  Overlord  
  51  4:19  Lair  
  51  4:23  Zergling x4  
  53  4:24  Roach x5  
  53  4:29  Roach  
  53  4:30  Roach  
  67  4:37  Roach x2  
  70  4:38  Drone x2  
  70  4:41  Overlord  
  74  4:45  Roach  
  74  4:46  Roach x2  
  80  4:52  Roach  
  80  4:59  Overlord, Queen x2  
  83  5:13  Drone x5  
  83  5:14  Drone x3  
  89  5:16  Glial Reconstitution  
  89  5:21  Roach  
  89  5:22  Roach  
  89  5:23  Overseer  
  89  5:27  Roach  
  89  5:28  Roach  
  97  5:33  Spore Crawler, Extractor  
  97  5:34  Drone x3  
  98  5:39  Overlord x3  
  98  5:43  Zerg Missile Weapons Level 2  
  98  5:54  Spore Crawler  
  98  5:57  Drone x3, Queen x2  
  97  6:00  Drone x3  
  97  6:01  Drone  
  97  6:03  Drone  
  109  6:05  Spore Crawler  
  109  6:10  Hydralisk Den  
  107  6:11  Overlord  
  107  6:14  Drone x3  
  107  6:17  Overlord  
  110  6:19  Drone x2  
  110  6:20  Drone  
  110  6:23  Drone  
  114  6:27  Overlord x2  
  114  6:29  Extractor x2  
  112  6:39  Drone x2  
  114  6:41  Roach  
  114  6:42  Lurker Den, Roach x4  
  114  6:46  Roach x2  
  127  6:48  Grooved Spines  
  127  6:56  Overlord  
  127  6:58  Hydralisk x4  
  135  7:02  Overseer  
  135  7:03  Overlord x2  
  135  7:08  Overlord x2  
  135  7:15  Drone x2  
  137  7:17  Unknown  
  137  7:18  Unknown x2  
  137  7:23  Ravager x3  
  137  7:24  Ravager x2  
  137  7:26  Hydralisk  
  137  7:27  Roach x3  
  150  7:32  Overseer  
  150  7:34  Spore Crawler  
  150  7:36  Roach x4  
  157  7:45  Drone  
  157  7:47  Roach  
  157  7:48  Roach x3  
  157  7:49  Spine Crawler  
  157  7:50  Overlord x2  
  157  7:51  Overlord x2  
  165  7:53  Overlord  
  165  8:04  Roach x4  
  165  8:05  Roach  
  167  8:11  Roach  
  167  8:12  Roach x5  
  147  8:18  Roach  
  119  8:22  Roach x2  
  104  8:28  Roach x2  
  104  8:29  Roach  
Tags
 
Add a new tag
Caveats
  • Supply blocks, unpowered buildings, or Contaminate may cause inaccurate times.
  • Supply counts are checked every 10 seconds.